AoeStats
← NuMa | Gacha

Arabia

508451533Analyzed
2v2 RM · 11d ago on Sep 22, 2026· 50m 56s· 4 players
Game mode
Random Map
Map size
Medium (4 player)
Population
200
Speed
Normal
Resources
Standard
Victory
Conquest
Starting age
Dark Age
Ending age
Imperial Age
RankedLock teamsTeams togetherTeam positionsShared explorationLock speedFull tech treeHidden civsTurbo modeCheats
Victory
Defeat
🇨🇳 Turks · China
1110
+15
🇮🇹 Vikings · Italy
1047
+18
🇺🇸 Hindustanis · United States
1090
-17
🇨🇴 Persians · Colombia
1081
-16
Acadia744
5:21 Loom
11:52 Feudal Age
16:20 Castle Age
14:42 Horse Collar
14:51 Double-Bit Axe
18:13 Town Watch
20:42 Wheelbarrow
24:24 Fishing Lines
24:53 Gold Mining
30:37 Imperial Age
28:26 Hand Cart
29:16 Town Patrol
29:22 Padded Archer Armor
29:47 Ballistics
29:21 Stone Mining
30:08 Gillnets
32:23 Chemistry
31:56 Leather Archer Armor
32:42 Shatagni
44:53 Conscription
48:03 Hoardings
48:26 Masonry
NuMa | Gacha
7:18 Loom
10:28 Feudal Age
11:43 Double-Bit Axe
22:01 Castle Age
20:14 Gold Mining
21:36 Forging
21:32 Scale Barding Armor
22:52 Bloodlines
22:41 Horse Collar
23:38 Gold Shaft Mining
29:41 Elite Skirmisher
37:14 Fletching
43:05 Husbandry
Xixin8
0:31 Loom
12:22 Feudal Age
12:34 Man-at-Arms
13:10 Double-Bit Axe
13:25 Horse Collar
16:30 Gold Mining
18:54 Arson
24:46 Castle Age
24:21 Forging
24:11 Scale Mail Armor
24:03 Fletching
25:03 Stone Mining
24:49 Long Swordsman
25:30 Squires
25:47 Heavy Plow
26:01 Bow Saw
26:26 Gambesons
28:24 Iron Casting
28:04 Chain Mail Armor
31:10 Fervor
30:58 Treadmill Crane
31:13 Murder Holes
31:10 Guard Tower
31:32 Masonry
32:39 Gold Shaft Mining
34:10 Ballistics
34:05 Masonry
35:04 Bodkin Arrow
35:28 Chieftains
35:18 Town Watch
39:00 Imperial Age
37:22 Town Patrol
38:12 Fortified Wall
39:11 Onager
46:40 Two-Handed Swordsman
47:02 Heavy Scorpion
47:37 Champion
523988158
0:32 Loom
12:12 Feudal Age
23:24 Castle Age
21:35 Double-Bit Axe
21:38 Horse Collar
23:35 Wheelbarrow
24:21 Bow Saw
24:18 Heavy Plow
37:25 Imperial Age
35:55 Husbandry
36:05 Bloodlines
38:19 Scale Barding Armor
38:05 Fletching
38:26 Forging
37:55 Heavy Camel Rider
40:00 Chain Barding Armor
40:29 Gold Mining
40:29 Stone Mining
47:36 Plate Barding Armor
47:02 Padded Archer Armor
49:36 Iron Casting
49:16 Leather Archer Armor
48:57 Bodkin Arrow
Connection lost

Rejoining the realm…

Still unreachable

The connection could not be restored.

Session expired

The server has moved on; the page needs a fresh start.